[Event "Romanian Superleague 2022"]
[Site "Oradea"]
[Date "2022.09.24"]
[Round "4.18"]
[White "Ileana, George"]
[Black "Carmaciu, Lucian-Catalin"]
[Result "1-0"]
[ECO "B36"]
[WhiteElo "2301"]
[BlackElo "2376"]
[Annotator "TA"]
[PlyCount "79"]
[EventDate "2022.09.21"]
[EventType "team-tourn"]
[EventCountry "ROU"]
[SourceTitle "playchess.com"]
[Source "ChessBase"]
[SourceQuality "1"]
[TimeControl "40/5400+30:1800+30"]

1. e4 c5 2. Nf3 Nc6 3. d4 cxd4 4. Nxd4 g6 5. c4 Nf6 6. Nc3 d6 7. Be2 Nxd4 8. Qxd4 Bg7 9. O-O O-O 10. Qd3 {[%emt 0:02:08] B36: Sicilian: Maroczy Bind: Gurgenidze System.} a5 11. Be3 a4 12. Bd4 {[%emt 0:00:50] White is slightly better.} Nd7 (12... Qa5 $14) 13. Bxg7 {[%emt 0:01:22] White is more active.} Kxg7 {[%emt 0:00:06] [#]} 14. Kh1 $146 ({Predecessor:} 14. Rad1 Nc5 15. Qe3 f6 16. f4 Be6 17. e5 fxe5 18. fxe5 Rxf1+ 19. Bxf1 Qb6 20. exd6 exd6 {1-0 (28) Cuenca Jimenez,J (2524)-Padeiro,J (2227) Peniche 2021}) 14... Nc5 15. Qd4+ e5 16. Qd2 Be6 17. Rad1 Ra6 18. f4 {[%emt 0:00:07][%cal Bf2f4,Bf4f5][%mdl 32] aiming for fxe5.} f6 19. f5 Bg8 20. Qe3 Qb6 ({Better is} 20... Rc6) 21. Rd2 (21. h4 $16) 21... Qb4 $2 ({Black should play} 21... a3 $1 $11) 22. Rf3 (22. g4 $142 $1) 22... Bxc4 $16 23. fxg6 hxg6 24. Rh3 g5 25. Bg4 {[%emt 0:09:36] Strongly threatening Bf5.} (25. a3 $5 Qb3 26. Qf2 Bxe2 27. Qf5 $16 (27. Rxe2 Qf7 $15)) 25... Be6 {[%emt 0:15:57] [#] White leaves nothing to chance now.} (25... Bg8 $1 $11 {keeps the balance.}) 26. Qf3 $1 $40 {[%emt 0:00:36][%mdl 128] Black must now prevent Bxe6. Black is in trouble.} Bxg4 (26... f5 {is a better chance.} 27. exf5 Bg8) 27. Qxg4 $18 {[%emt 0:00:07] Intending Qh5 and mate.} Rh8 {[%emt 0:06:37] Against Qh5} (27... Qc4 $142 28. Qf5 Qg8) 28. Rxh8 Kxh8 29. h4 Qc4 30. Rf2 ({Weaker is} 30. hxg5 Qf1+ 31. Kh2 Qf4+ 32. Qxf4 exf4 $16) 30... d5 31. Qh5+ Kg7 32. hxg5 {[%emt 0:01:28] White wants to mate with Qh6+.} Nxe4 {[%emt 0:02:00] [#]} 33. Qh6+ $1 Kf7 34. g6+ Ke7 35. Nxe4 Qxe4 36. g7 Qe1+ 37. Kh2 Qxf2 38. g8=Q {[%emt 0:00:13] Qhf8+ would kill now.} Kd6 39. Qgf8+ Kc7 40. Qhg7+ {[%emt 0:00:00] Weighted Error Value: White=0.20 (precise) /Black=0.64} 1-0

[Event "Romanian Superleague 2022"]
[Site "Oradea"]
[Date "2022.09.24"]
[Round "4.19"]
[White "Dobre, Claudiu-Cristian"]
[Black "Sumets, Andrey"]
[Result "0-1"]
[ECO "D27"]
[WhiteElo "2268"]
[BlackElo "2513"]
[Annotator "TA"]
[PlyCount "90"]
[EventDate "2022.09.21"]
[EventType "team-tourn"]
[EventCountry "ROU"]
[SourceTitle "playchess.com"]
[Source "ChessBase"]
[SourceQuality "1"]
[TimeControl "40/5400+30:1800+30"]

1. c4 e6 2. Nf3 d5 3. b3 Nf6 4. Bb2 c5 5. e3 dxc4 6. Bxc4 a6 7. O-O Be7 8. d4 Nbd7 9. dxc5 {[%emt 0:13:07] D27: Queen's Gambit Accepted: Classical main line: 7 e4!? and 7 a4.} Bxc5 10. a4 O-O 11. a5 {[%emt 0:09:07] [#] The position is equal.} Qe7 $146 ({Predecessor:} 11... b5 12. axb6 Bb7 13. Nc3 Nxb6 14. Bd3 Nbd7 15. Na4 Be7 16. Nd2 Nd5 17. Qb1 f5 {½-½ (62) Glinz,G (2399)-Hauenstein,H (2367) ICCF email 2017}) 12. Qc2 h6 13. Rc1 Rd8 14. Nbd2 Bb4 15. Ne4 Nd5 16. Ng3 {[%emt 0:01:55] [#] Black must now prevent Bxd5.} N7f6 17. e4 Nf4 18. e5 N6d5 19. Qe4 Bd7 20. Nd4 Be8 21. Rc2 Rac8 22. Qf3 Rc5 23. Bxd5 Nxd5 24. Rxc5 Qxc5 (24... Bxc5 $6 25. Ne4 $15) 25. Ne4 {[%emt 0:00:34] Prevents Nc3.} Qc7 26. Nd6 ({Better is} 26. Qg3) 26... Bxd6 $17 (26... Bxa5 27. Nxb7 Qxb7 28. Rxa5 $17) 27. exd6 Qxd6 (27... Rxd6 28. Rc1 Qd8 29. h3 $17) 28. Rc1 (28. h3 $17 {keeps fighting.}) 28... Qf4 29. g3 Qd2 30. Qe2 Qxe2 (30... Qxa5 31. Nxe6 fxe6 32. Qxe6+ (32. Qe5 $2 Rd7 $19) 32... Kf8 33. Rc4 $15 (33. Qe5 $2 Rd7 $19)) 31. Nxe2 {[%emt 0:00:04] [#]} Nb4 $1 32. Ba3 Nc6 33. Bc5 Rd2 ({Not} 33... Nxa5 34. Bb6 Rd5 35. Rc8 $11) 34. Nf4 (34. Nc3 $142) 34... e5 ({Stronger than} 34... Nxa5 35. Bb4 Nxb3 36. Rc8 $11) 35. Nh5 (35. Ng2 {is a better defense.}) 35... Rb2 36. b4 f6 37. g4 Bxh5 ({Don't blunder} 37... Nxb4 $2 38. Ng3) 38. gxh5 Nxb4 $19 {[%emt 0:00:12][%mdl 4096] Endgame KRB-KRN} 39. Rd1 Nc6 {[%emt 0:00:35] Inhibits Rd8+.} 40. Rd7 Rb5 41. Bb6 Nxa5 42. Bxa5 Rxa5 43. Rxb7 e4 44. Ra7 Rg5+ 45. Kh1 a5 {[%emt 0:00:04] Weighted Error Value: White=0.24 (precise) /Black=0.09 (flawless)} 0-1

[Event "Romanian Superleague 2022"]
[Site "Oradea"]
[Date "2022.09.24"]
[Round "4.20"]
[White "Cioara, Andrei-Nestor"]
[Black "Padurariu, Mihai-Edward"]
[Result "1/2-1/2"]
[ECO "A36"]
[WhiteElo "2407"]
[BlackElo "2263"]
[Annotator "TA"]
[PlyCount "49"]
[EventDate "2022.09.21"]
[EventType "team-tourn"]
[EventCountry "ROU"]
[SourceTitle "playchess.com"]
[Source "ChessBase"]
[SourceQuality "1"]
[TimeControl "40/5400+30:1800+30"]

1. c4 e5 2. Nc3 c5 3. g3 Nc6 4. Bg2 g6 5. d3 Bg7 6. Rb1 d6 7. a3 a5 8. e3 Nge7 9. Nge2 Be6 10. O-O O-O 11. Nd5 {[%emt 0:00:30] A36: Symmetrical English vs ...g6: 4 Bg2 Bg7.} Rb8 12. Nec3 f5 13. f4 {[%emt 0:01:05] White is slightly better.} Bf7 14. Bd2 Kh8 15. Qa4 {[%emt 0:08:13] [#]} b6 $146 ({Predecessor:} 15... Be8 16. Qb3 b6 17. Qc2 Bf7 18. Rfd1 Nxd5 19. Nxd5 Ne7 20. Nxe7 Qxe7 {1-0 (58) Augustyn,S (2173)-Madera,M (1937) Jastrzebia Gora 2018}) 16. Rfd1 Nxd5 17. Nxd5 Ne7 18. Nxe7 Qxe7 19. b4 axb4 20. axb4 Rfd8 21. Qc2 d5 22. cxd5 Bxd5 {[%emt 0:00:51] The position is equal.} 23. bxc5 {[%emt 0:03:47] [#] Hoping for Bxd5.} Bxg2 24. Kxg2 bxc5 25. Rxb8 {[%emt 0:10:36] Weighted Error Value: White=0.10 (very precise) /Black=0.09 (flawless)} 1/2-1/2

[Event "Romanian Superleague 2022"]
[Site "Oradea"]
[Date "2022.09.24"]
[Round "4.21"]
[White "Voiteanu, Gabriel"]
[Black "Stepanencu, Nicodim-Cosmin"]
[Result "1/2-1/2"]
[ECO "E73"]
[WhiteElo "2154"]
[BlackElo "2289"]
[Annotator "TA"]
[PlyCount "120"]
[EventDate "2022.09.21"]
[EventType "team-tourn"]
[EventCountry "ROU"]
[SourceTitle "playchess.com"]
[Source "ChessBase"]
[SourceQuality "1"]
[TimeControl "40/5400+30:1800+30"]

1. d4 Nf6 2. c4 g6 3. Nc3 Bg7 4. e4 d6 5. Be2 O-O 6. Be3 e5 7. d5 Na6 8. g4 {[%emt 0:00:40] E73: King's Indian: Averbakh Variation without 6...c5.} Nc5 9. f3 h5 {[%emt 0:00:08] seems to push 9...a5 aside.} 10. b4 (10. g5 $14) 10... Na6 $1 $11 11. a3 hxg4 12. Bg5 $1 {[%emt 0:00:36][%cal Rf3g4] [#]} c6 $146 ({Predecessor:} 12... gxf3 13. Bxf3 Qe8 14. Qe2 Nh7 15. Bd2 f5 16. h4 Nf6 17. Nh3 c6 18. Ng5 cxd5 19. cxd5 {0-1 (26) Bacrot,E (2642)-Jones,G (2671) Chess.com INT 2022}) 13. fxg4 cxd5 14. Nxd5 (14. cxd5 $11 Qb6 15. h3) 14... Nc7 $17 15. h4 Ne6 16. Bxf6 Bxf6 17. g5 Bg7 18. Nf3 a5 19. b5 Re8 (19... Nf4 $15 20. Qd2 Be6) 20. Qd2 (20. Nh2 $11) 20... Nc5 (20... Nf4 $15) 21. Qe3 $1 $11 Be6 22. h5 Bxd5 23. cxd5 {[%emt 0:00:24] Hoping for Nh4.} a4 (23... f5 $1 $14 24. Nd2 (24. hxg6 $2 f4 $19) 24... f4) 24. Nh2 $2 ({White should try} 24. Nd2 $16) 24... Nb3 $36 {[%emt 0:13:11][%mdl 2048] Black fights for an advantage.} 25. Ra2 {[%emt 0:02:28] hxg6 is the strong threat.} Qa5+ 26. Kf2 {[%emt 0:00:37] Black must now prevent Kg2.} Rec8 {[%emt 0:00:10][%cal Be8c8,Bc8c3,Bc3a3][%mdl 32] Strongly threatening ...Rc3.} 27. Ng4 $2 (27. Kg2 $11 {and White has nothing to worry.} Qc3 28. Qf2) 27... Rc3 $19 28. Bd3 Nc5 29. Rd2 Rxa3 30. hxg6 $2 (30. Kg2) 30... fxg6 31. Kg2 Nxd3 (31... Qb4 $142 32. Nf6+ Kf7) 32. Rxd3 Rxd3 33. Qxd3 Rc8 $2 ({Better is} 33... Qb4 $19 34. Nf2 Rf8) 34. Nf6+ $2 (34. Nh6+ $11 Bxh6 35. Rxh6) 34... Bxf6 35. gxf6 {[%emt 0:00:04][%cal Oh1h8][%mdl 4096] Endgame KQR-KQR} Qc3 $1 36. f7+ Kxf7 37. Rh7+ Kf6 38. Qxc3 Rxc3 39. Rxb7 {[%emt 0:00:07] [#] KR-KR} Kg5 $1 40. Rb6 {[%emt 0:00:00] [#]} Kg4 $1 ({Weaker is} 40... Kf4 41. Rxd6 Rc2+ 42. Kh3 $17) 41. Kf2 Kf4 42. Ke2 Kxe4 (42... Rb3 $142 43. Rxd6 Kxe4) 43. Rxd6 Rc2+ 44. Kd1 Rb2 45. Rxg6 a3 $2 (45... Kxd5 $19 46. Ra6 Rb4) 46. Ra6 $1 $11 {[%emt 0:01:04] The position is equal.} a2 47. b6 $1 Kxd5 (47... Kd3 $5 48. Ra3+ $8 Kc4 $11) 48. b7 Rb1+ 49. Ke2 Rxb7 50. Rxa2 Rh7 {[%emt 0:00:03] aiming for ...Rh2+.} 51. Ra5+ Ke4 52. Ra4+ Kf5 53. Ke3 Rh3+ 54. Ke2 Rb3 55. Rc4 Ke6 56. Ra4 Rb5 57. Rh4 Kd5 58. Ke3 Rb3+ 59. Ke2 e4 60. Rh8 Ke5 {[%emt 0:07:14] And White is the lucky defender.  Weighted Error Value: White=0.80/Black=0.40} 1/2-1/2

[Event "Romanian Superleague 2022"]
[Site "Oradea"]
[Date "2022.09.24"]
[Round "4.22"]
[White "Vajda, Albert"]
[Black "Oprisor, Razvan-Gabriel"]
[Result "1/2-1/2"]
[ECO "C04"]
[WhiteElo "2305"]
[BlackElo "2175"]
[Annotator "TA"]
[PlyCount "62"]
[EventDate "2022.09.21"]
[EventType "team-tourn"]
[EventCountry "ROU"]
[SourceTitle "playchess.com"]
[Source "ChessBase"]
[SourceQuality "1"]
[TimeControl "40/5400+30:1800+30"]

1. e4 e6 2. d3 d5 3. Nd2 Nf6 4. Ngf3 Nc6 5. e5 Nd7 6. d4 f6 7. Bb5 fxe5 8. dxe5 Be7 9. O-O O-O {[%emt 0:00:57] C04: French Tarrasch: 3...Nc6.} 10. Re1 a6 {[%emt 0:00:56] [#]} 11. Bd3 $146 ({Predecessor:} 11. Bf1 Qe8 12. Nb3 Qh5 13. Bd2 b6 14. c4 Bb7 15. cxd5 Nd8 16. Rc1 Bxd5 17. Rxc7 Bxf3 18. gxf3 Nxe5 19. Rxe5 Qxe5 20. Rxe7 {1-0 (40) Psyk,R (2387)-Sernecki,F (2197) Poronin 2021}) 11... Nc5 12. Be2 Qe8 13. Nf1 Qf7 14. Ng3 Nd7 15. Bd3 Nb4 16. Bf1 c5 17. c3 Nc6 18. Bd3 c4 19. Bb1 Nc5 (19... b5 $11 {remains equal.}) 20. b4 $16 ({Inferior is} 20. Qc2 Nd3 21. Re2 Bd7 $17) 20... Nd3 21. Bxd3 cxd3 22. Qxd3 Bd7 23. Be3 {[%emt 0:05:29] White is more active.} Qg6 24. Qxg6 hxg6 25. Ne2 Rxf3 {[%emt 0:04:30][%mdl 64] [#] Remove Defender} 26. gxf3 Nxe5 27. Kg2 Nc4 28. f4 g5 29. fxg5 (29. Bc5 $5 Bd8 30. Bd4 $16) 29... Nxe3+ 30. fxe3 {[%emt 0:00:10] Strongly threatening h4.} Bxg5 31. Nf4 Rc8 {[%emt 0:01:43] Weighted Error Value: White=0.08 (flawless) /Black=0.10 (very precise)} 1/2-1/2

[Event "Romanian Superleague 2022"]
[Site "Oradea"]
[Date "2022.09.24"]
[Round "4.23"]
[White "Ursente, Tudor-Alexandru"]
[Black "Balla, Tamas-Kristof"]
[Result "0-1"]
[ECO "A23"]
[WhiteElo "1931"]
[BlackElo "2325"]
[Annotator "TA"]
[PlyCount "68"]
[EventDate "2022.09.21"]
[EventType "team-tourn"]
[EventCountry "ROU"]
[SourceTitle "playchess.com"]
[Source "ChessBase"]
[SourceQuality "1"]
[TimeControl "40/5400+30:1800+30"]

1. c4 e5 2. Nc3 Nf6 3. g3 c6 4. e4 d5 5. cxd5 cxd5 6. exd5 {[%emt 0:00:11] A23: English Opening: 1...e5 2 Nc3 Nf6 3 g3 c6.} Nxd5 {[%emt 0:00:31] White must now prevent ...Nc6.} 7. Bg2 (7. Nf3 $15) 7... Nb4 $17 {[%emt 0:04:12] Black is more active.} 8. Be4 {[%emt 0:17:23] Black is better.} Nd3+ (8... N8c6 $19 9. a3 Nd3+ 10. Kf1 f5) 9. Bxd3 Qxd3 10. Qe2 Qxe2+ (10... Bf5 $142 $1 {Hoping for ...Nc6.} 11. Qxe5+ Kd7) 11. Ngxe2 Nc6 {[%emt 0:00:14][%cal Bb8c6,Bc6b4,Bb4c2][%mdl 32] [#] Against d4. ...Nb4 is the strong threat.} 12. Nb5 $146 (12. d4 $17) ({Predecessor:} 12. a3 Bh3 13. d3 O-O-O 14. f4 Bc5 15. Ne4 Bg2 16. Nxc5 Bxh1 17. Kf2 b6 18. Be3 Bd5 19. Ne4 f5 20. N4c3 Bb3 21. fxe5 Nxe5 22. d4 Ng4+ {0-1 (22) Scheib,E (1502)-Pantaleev,D (2197) Grieskirchen 1998}) 12... Kd8 (12... Nb4 $19 {is more deadly. Strongly threatening ...Nd3+.} 13. O-O (13. Nc7+ $2 Kd8 $19) 13... Bg4) 13. O-O (13. d3 $17 {was called for.}) 13... Bh3 $1 $19 14. Re1 Nb4 {[%emt 0:01:08] aiming for ...Nc2.} 15. d4 Nc2 $1 $36 {[%emt 0:03:34][%csl LRa1,LRe1][%mdl 2048] Keeping White busy.} 16. Rd1 Nxa1 17. dxe5+ {[%emt 0:00:04] [#]} Bd7 $1 {[%emt 0:00:07] Threatens to win with ...Nc2.} 18. Bg5+ {[%emt 0:01:03] [#]} Be7 $1 19. Bxe7+ Kxe7 20. Na3 Bg4 21. Kf1 {[%emt 0:00:08] [#]} Rhd8 $1 22. Rxa1 Rd2 23. Nf4 (23. Nc3 $142) 23... g5 24. Ng2 Rxb2 25. Ne3 Be6 26. Nac4 Bxc4+ 27. Nxc4 {[%emt 0:00:01][%mdl 4096] Endgame KRR-KRN} Rc2 28. Ne3 Rc5 29. f4 $2 (29. Rb1 {was necessary.} b6 30. f4) 29... gxf4 {[%emt 0:00:49] Black is clearly winning.} 30. gxf4 Rac8 31. Re1 Rc1 32. Nf5+ Kf8 33. Nd6 Rxe1+ 34. Kxe1 Rc1+ {[%emt 0:00:24] Weighted Error Value: White=0.47/Black=0.13 (very precise)} 0-1

[Event "Romanian Superleague 2022"]
[Site "Oradea"]
[Date "2022.09.24"]
[Round "4.24"]
[White "Doncea, Vladimir"]
[Black "Gulie, Cosmin"]
[Result "1-0"]
[ECO "E09"]
[WhiteElo "2342"]
[BlackElo "1973"]
[Annotator "TA"]
[PlyCount "83"]
[EventDate "2022.09.21"]
[EventType "team-tourn"]
[EventCountry "ROU"]
[SourceTitle "playchess.com"]
[Source "ChessBase"]
[SourceQuality "1"]
[TimeControl "40/5400+30:1800+30"]

1. d4 d5 2. c4 e6 3. Nf3 Nf6 4. g3 Be7 5. Bg2 O-O 6. O-O c6 7. Qc2 b6 8. Rd1 Nbd7 9. b3 Ba6 10. Nbd2 c5 11. e4 cxd4 12. Nxd4 Rc8 13. exd5 exd5 14. Bb2 (14. Qf5 $16) 14... Bc5 {[%emt 0:02:04] E09: Closed Catalan: Main Line: 7 Qc2 c6 8 Nbd2.} (14... b5 $11) 15. Qf5 $16 {[%emt 0:01:07] [#]} Bxd4 $146 (15... g6 $14 16. Qg5 Re8) ({Predecessor:} 15... dxc4 16. Nc6 Qc7 17. Ne4 Qxc6 18. Nxf6+ Qxf6 19. Bxf6 Nxf6 20. g4 h6 21. h4 Rce8 {1-0 (30) Mueller,F (2240)-Baier,S (2250) Germany 2006}) 16. Bxd4 dxc4 {[%emt 0:02:22] White is clearly better.} 17. Ne4 (17. Nxc4 Bxc4 18. bxc4 Qe7 $14) (17. bxc4 $6 Qe7 $14) 17... Qe7 (17... Nxe4 {keeps fighting.} 18. Bxe4 g6) 18. Re1 $18 {[%emt 0:02:54] Nxf6+ is the strong threat.} Nxe4 (18... Qd8 $18 19. Bxf6 Nxf6) 19. Rxe4 (19. Bxe4 $16 g6 20. Qf4) 19... Qd6 $14 20. Bxg7 {[%emt 0:00:41] White is more active.} Kxg7 $15 21. Rg4+ $1 Kh8 22. Be4 $2 (22. Rh4 $1 $11 Nf6 23. Rh6) 22... Nf6 $19 {[%emt 0:00:31] aiming for ...Rc5.} 23. Rh4 {[%emt 0:03:12][%cal Rh4h7] Intending Rxh7+ and mate.} Rc5 24. Rxh7+ Kg8 25. Qh3 {[%emt 0:00:10] Rh8+ would kill now.} Nxe4 $2 (25... Qd2 $19 26. Qh4 Qg5 27. bxc4 Qxh4 28. Rxh4 Rxc4) 26. Rh8+ $11 Kg7 27. Rh7+ $40 {[%emt 0:00:04][%mdl 128] Black needs to defend precisely.} Kg8 28. Rh8+ Kg7 29. Qh7+ (29. Rh7+ $1 $11 Kg8) 29... Kf6 $17 30. Qh6+ Kf5 (30... Ke5 $17 31. Qf4+ (31. f4+ Kd4 $17) 31... Ke6 32. Qh6+ Kd7 33. Qxf8 Qxf8 34. Rxf8 c3 35. Rxf7+ Ke6) 31. g4+ $2 (31. Qh3+ $1 $11 {and White is okay.} Kf6 32. Rh6+ Kg7 33. Rxd6 Nxd6 34. Qg4+ Kh7 35. Qh3+ Kg7 36. Qg4+ Kh7 37. Qd7) 31... Kxg4 $19 32. f3+ Kxf3 33. Qh3+ Ng3 $2 ({Better is} 33... Kf4 $19 {( -> ...Rg5+)} 34. Rh4+ Kg5 35. Qg4+ Kf6 36. Rh6+ Ke7 37. Rxd6 Nxd6 38. Re1+ Kd8) 34. Rf1+ $2 (34. Qg2+ $11 Kg4 35. Qh3+ Kg5 36. Qh4+ Kf5 37. Qh3+ Kg5 38. Qh4+ Kf5 39. Qh3+ Kg5) 34... Ke4 $4 (34... Ke3 $19 35. Rh6 f6 $1 36. hxg3 cxb3) 35. Qg4+ $2 (35. Qg2+ Kd4 36. Rd1+ Kc3 37. Rxd6) 35... Kd3 $18 (35... Ke3 36. Qf3+ Kd4 37. Rd1+ Ke5 38. Re1+ Kd4 39. Rh4+) 36. Qd1+ Kc3 {[%emt 0:02:26] [#] And now ...Qxd1 would win.} 37. Qxd6 (37. Rf3+ $1 $18 Kb2 38. Rf2+ Ka3 39. Qxd6 Rxh8 40. bxc4 (40. hxg3 Bb7 $17) 40... Ne2+ 41. Rxe2 Rg8+ 42. Kf2 Bxc4 43. Re3+ Kb4 44. Qd2+ Kb5 45. Qd7+ Kb4 46. Qd2+ (46. Qxa7 Rg6 $16) 46... Kb5 47. Qd7+ Kb4 48. a3+ (48. Qxa7 Rg6 $16) 48... Ka5 49. Qxa7+ Ba6 50. Qxf7) 37... Rxh8 $4 (37... Ne2+ $11 38. Kg2 Rxh8 39. Qf6+ Kc2 40. Qxh8 Rg5+ 41. Kh3 c3) 38. Qxg3+ Kb4 39. Qe1+ c3 40. Rf4+ ({Weaker is} 40. Qe4+ Ka3 41. Qa4+ Kb2 42. Qxa6 Rg8+ 43. Kh1 c2 $14) 40... Ka3 41. Qc1+ ({Don't blunder} 41. Ra4+ $2 Kb2 42. Rg4 (42. Rxa6 $2 Rg8+ 43. Kh1 c2 $19) 42... c2 $19) 41... Kxa2 42. Qc2+ {[%emt 0:00:06] Weighted Error Value: White=0.93/Black=0.97} 1-0

[Event "Romanian Superleague 2022"]
[Site "Oradea"]
[Date "2022.09.24"]
[Round "4.25"]
[White "Berkes, Ferenc"]
[Black "Efimenko, Zahar"]
[Result "1-0"]
[ECO "D02"]
[WhiteElo "2651"]
[BlackElo "2599"]
[Annotator "TA"]
[PlyCount "61"]
[EventDate "2022.09.21"]
[EventType "team-tourn"]
[EventCountry "ROU"]
[SourceTitle "playchess.com"]
[Source "ChessBase"]
[SourceQuality "1"]
[TimeControl "40/5400+30:1800+30"]

1. d4 Nf6 2. g3 d5 3. Nf3 g6 4. Bg2 Bg7 5. O-O O-O 6. c3 Nbd7 7. a4 a5 8. Re1 {[%emt 0:07:05] D02: 1 d4 d5 2 Nf3 sidelines, including 2...Nf6 3 g3 and 2...Nf6 3 Bf4.} b6 {[%emt 0:02:35] [#]} 9. c4 $146 ({Predecessor:} 9. Bf4 Nh5 10. Be3 Bb7 11. Qc1 e5 12. dxe5 Nxe5 13. Nxe5 Bxe5 14. Nd2 Bg7 15. Nf3 Nf6 {0-1 (64) Svane,R (2615)-Wagner,D (2572) Chess.com INT 2021}) 9... e6 10. cxd5 {[%emt 0:01:31] The position is equal.} exd5 11. Nc3 Bb7 12. Bf4 Ne4 13. Rc1 Nxc3 14. bxc3 Re8 15. h4 Nf8 16. Qd2 Ne6 17. Bh6 Bh8 18. Ng5 Bc6 {[%emt 0:13:53] [#]} (18... Nxg5 $14 19. Bxg5 Qd7) 19. Nxe6 $1 $16 {[%emt 0:11:12] White is more active.} Rxe6 20. c4 dxc4 (20... Ra7 $16 {is a better defense.}) 21. d5 $18 Rd6 22. e4 Bxa4 (22... Bb7 $142 23. Rxc4 c5) 23. e5 Rd7 24. Qf4 Rxd5 (24... Rb8 $142 25. Qxc4 b5) 25. e6 fxe6 26. Qxc4 {[%emt 0:07:41][%mdl 64] [#] Pin} Bb5 27. Qe4 $40 {[%emt 0:02:07][%mdl 128] White attacks with force.} (27. Qa2 $142 Be8 28. Rxe6 Rd1+ 29. Rxd1 Qxd1+ 30. Kh2) 27... Be5 $2 (27... Qf6 {is more resistant.}) 28. Bf4 {[%emt 0:05:00] White is clearly winning.} Bxf4 (28... Bd3 $2 29. Qe3 Bxf4 30. Qxe6+ Kg7 31. gxf4 $18) 29. Qxe6+ {[%emt 0:00:04][%mdl 64] Pin} Kh8 {[%emt 0:01:55] And now ...Rd6 would win.} 30. Bxd5 Bd6 31. Qe4 {[%emt 0:01:08] Weighted Error Value: White=0.10 (very precise) /Black=0.65} 1-0

[Event "Romanian Superleague 2022"]
[Site "Oradea"]
[Date "2022.09.24"]
[Round "4.26"]
[White "Baklan, Vladimir"]
[Black "Lupulescu, Constantin"]
[Result "1/2-1/2"]
[ECO "C07"]
[WhiteElo "2578"]
[BlackElo "2614"]
[Annotator "TA"]
[PlyCount "44"]
[EventDate "2022.09.21"]
[EventType "team-tourn"]
[EventCountry "ROU"]
[SourceTitle "playchess.com"]
[Source "ChessBase"]
[SourceQuality "1"]
[TimeControl "40/5400+30:1800+30"]

1. e4 e6 2. d4 d5 3. Nd2 c5 4. exd5 Qxd5 5. Ngf3 cxd4 6. Bc4 Qd6 7. O-O Nf6 8. Nb3 Nc6 9. Nbxd4 Nxd4 10. Qxd4 Qxd4 11. Nxd4 Bd7 12. Bf4 Rc8 13. Be2 Bc5 14. Nb3 Bb6 {[%emt 0:07:55] [#]} {Predecessor:} 15. c3 $146 {C07: French Tarrasch: 3...c5, 4 Ngf3 and 4 exd5 Qxd5.} Nd5 16. Bd6 Bc7 17. Ba3 f6 18. Bh5+ g6 19. Bf3 Bc6 20. Nd4 Kf7 21. c4 Nb6 22. Nxc6 bxc6 {0-1 (47) Harikrishna,P (2737)-Huzman,A (2580) Berlin 2015} 1/2-1/2

[Event "Romanian Superleague 2022"]
[Site "Oradea"]
[Date "2022.09.24"]
[Round "4.27"]
[White "Jianu, Vlad-Cristian"]
[Black "Nanu, Costica-Ciprian"]
[Result "1/2-1/2"]
[ECO "D94"]
[WhiteElo "2511"]
[BlackElo "2518"]
[Annotator "TA"]
[PlyCount "215"]
[EventDate "2022.09.21"]
[EventType "team-tourn"]
[EventCountry "ROU"]
[SourceTitle "playchess.com"]
[Source "ChessBase"]
[SourceQuality "1"]
[TimeControl "40/5400+30:1800+30"]

1. d4 d5 2. c4 c6 3. Nc3 Nf6 4. e3 g6 5. Nf3 Bg7 6. Be2 O-O 7. O-O Re8 8. h3 b6 9. Bd2 Bb7 10. Qb3 e6 11. a4 Nbd7 (11... a5 $1 $15) 12. Rfc1 dxc4 13. Qxc4 c5 14. a5 Rc8 15. Qb3 Bxf3 16. Bxf3 cxd4 17. exd4 bxa5 18. Qa2 Nb6 19. Nb5 (19. Be3 $11) 19... Qd7 $1 $15 20. Be2 ({Much weaker is} 20. Qxa5 Nc4 21. Rxc4 Rxc4 $17) 20... a4 21. Nc3 ({White should try} 21. Rd1) 21... Qxd4 $17 22. Be3 Qb4 23. Nxa4 Nfd5 24. Bc5 Qxa4 (24... Qd2 $19 25. Bc4 Nxa4 26. Qxa4 Bxb2) 25. Qxa4 $17 Nxa4 26. Rxa4 Bxb2 27. Rc2 Be5 28. Rxa7 Nf4 29. Bf1 Bd4 30. Ra5 e5 31. Rc4 Red8 32. Be7 Rxc4 $1 33. Bxc4 Rc8 34. Ra4 Kg7 35. Bg5 Rb8 36. Bxf4 exf4 37. Ba2 Rd8 38. Kf1 f5 39. Ke2 Kh6 40. Bc4 Kg5 41. Kf3 Bc5 42. Ra5 Rc8 43. Ba6 Rc7 44. Ra4 Ra7 45. Ra5 Bb4 46. Ra4 Bd6 47. Ra5 Rc7 48. Rd5 Be7 49. g3 fxg3 50. fxg3 Kf6 51. g4 Ke6 52. Rd3 Bd6 53. gxf5+ gxf5 54. Re3+ Be5 55. Rb3 Kf6 56. Bd3 Rc6 57. Ra3 Bc7 58. Rb3 h5 59. Rb5 Be5 60. Ke2 Ra6 61. Bb1 h4 62. Rb3 Ra5 63. Rf3 f4 (63... Bd6 $15) 64. Rb3 $11 Bd6 65. Be4 Re5 66. Kf3 Rg5 67. Ke2 ({Of course not} 67. Rb6 Rg3+ 68. Ke2 Ke5 $17) 67... Bc5 68. Rd3 Ke6 69. Kf3 Bd6 70. Ke2 Rg1 71. Kf3 Rg7 72. Ke2 Ke5 73. Bf3 Ra7 74. Rd5+ Ke6 75. Rh5 Ra2+ 76. Kf1 Ra1+ 77. Kg2 Ra2+ 78. Kf1 Ra3 79. Kg2 Rc3 80. Bg4+ Kf6 81. Rxh4 Ke5 82. Rh6 Rc2+ 83. Kf3 Rc3+ 84. Kg2 Rg3+ 85. Kf1 Bc5 86. Re6+ Kd5 87. Rg6 Ke4 88. Ke2 Rg2+ 89. Kd1 Rg3 90. Ke2 Re3+ 91. Kf1 Ra3 92. Re6+ Kd5 93. Rf6 Be3 94. Ke2 Ra2+ 95. Kd3 Rd2+ 96. Kc3 Rf2 97. Rf8 Bc5 98. Rf5+ Kd6 99. Rf6+ Ke7 100. Rf5 Bd6 101. Kd3 Ra2 102. Ke4 Ra4+ 103. Kd5 Bb8 104. Bh5 Ra5+ 105. Ke4 Ra3 106. Bg4 Ra4+ 107. Kd5 Ba7 108. Bh5 1/2-1/2